 Dungeon Crawl Stone Soup version 0.27-a0-1219-g958d993ae5 (webtiles) character file.

Game seed: 5384980704620476469

2476 funkygono the Tainter (level 9, -5/59 HPs)
             Began as a Formicid Venom Mage on June 6, 2021.
             Slain by a black bear (9 damage)
             ... on level 7 of the Dungeon.
             The game lasted 00:23:54 (10625 turns).

funkygono the Tainter (Formicid Venom Mage)        Turns: 10625, Time: 00:23:54

Health: -5/59      AC:  4    Str: 14    XL:     9   Next: 80%
Magic:  15/19      EV: 12    Int: 17    God:
Gold:   444        SH:  5    Dex: 11    Spells: 4/22 levels left

rFire    + . .     SeeInvis +   e - +2 flail
rCold    . . .     Faith    .   (no shield)
rNeg     + . .     Spirit   .   a - +1 robe
rPois    .         Reflect  +   (helmet unavailable)
rElec    .         Harm     .   (no cloak)
rCorr    .         Rampage  .   y - +0 pair of gloves
Will     .....                  (no boots)
Stlth    ++........             f - amulet of reflection
HPRegen  0.19/turn              t - ring of positive energy
MPRegen  0.16/turn              k - ring of protection from fire

@: no status effects
A: permanent stasis, dig shafts and tunnels, antennae 3, four strong arms
a: Dig, Shaft Self


You were on level 7 of the Dungeon.
You visited 2 branches of the dungeon, and saw 8 of its levels.

You collected 444 gold pieces.

Inventory:

Hand Weapons
 d - a +0 whip
 e - a +2 flail (weapon)
 q - the +4 dagger "Morg" {pain, Will+ Int+5}
   (You found it on level 4 of the Dungeon)

   In the hands of one skilled in necromantic magic, it inflicts extra damage on
   living creatures.
   It affects your intelligence (+5).
   It increases your willpower.
Missiles
 b - 212 stones
 u - a curare-tipped dart
Armour
 a - a +1 robe (worn)
 g - +0 fire dragon scales
 y - a +0 pair of gloves (worn)
Magical Staves
 v - a staff of conjuration
Jewellery
 f - an amulet of reflection (around neck)
 k - a ring of protection from fire (right hand)
 n - an amulet of faith
 o - a +6 ring of dexterity
 t - a ring of positive energy (left hand)
 x - a ring of fire
Wands
 z - a wand of polymorph (6)
Scrolls
 r - a scroll of amnesia
Potions
 c - a potion of curing
 h - a potion of heal wounds {unknown}
 i - 2 potions of might
 j - a potion of flight {unknown}
 l - 2 potions of lignification
 m - a potion of haste
 p - 2 potions of brilliance
 s - 2 potions of mutation
 w - a potion of degeneration {unknown}


   Skills:
 + Level 1.0 Fighting
 + Level 2.4 Maces & Flails
 + Level 3.2 Armour
 + Level 2.9 Dodging
 - Level 2.4 Stealth
 + Level 1.7 Shields
 + Level 7.1 Spellcasting
 + Level 1.8 Conjurations
 + Level 3.5 Transmutations
 * Level 4.3 Fire Magic
 + Level 1.9 Air Magic
 * Level 8.8 Poison Magic


You had 4 spell levels left.
You knew the following spells:

 Your Spells              Type           Power      Damage    Failure   Level
a - Sting                 Tmut/Pois      100%       1d8       1%          1
b - Poisonous Vapours     Pois/Air       48%        N/A       1%          2
c - Ignite Poison         Fire/Tmut/Pois 25%        N/A       3%          3
d - Mephitic Cloud        Conj/Pois/Air  20%        N/A       6%          3
e - Olgreb's Toxic Radia  Pois           36%        N/A       3%          4
f - Foxfire               Conj/Fire      64%        2x1d7     3%          1
g - Sticky Flame          Conj/Fire      16%        2d4       32%         4

Your spell library contained the following spells:

 Spells                   Type           Power      Damage    Failure   Level
 Beastly Appendage        Tmut           36%        N/A       2%          1
 Spider Form              Tmut/Pois      13%        N/A       2%          3
 Wereblood                Tmut           18%        N/A       4%          2
 Shock                    Conj/Air       48%        1d6       5%          1
 Static Discharge         Conj/Air       12%        N/A       8%          2
 Conjure Flame            Conj/Fire      16%        6-21      10%         3
 Corona                   Hex            6%         N/A       12%         1
 Inner Flame              Hex/Fire       13%        N/A       14%         3
 Ensorcelled Hibernation  Hex/Ice        12%        N/A       17%         2
 Dazzling Flash           Conj/Hex       18%        N/A       24%         3
 Confusing Touch          Hex            6%         N/A       34%         3
 Airstrike                Air            6%         N/A       45%         4
 Ice Form                 Ice/Tmut       12%        N/A       50%         4
 Hydra Form               Tmut           9%         N/A       58%         5
 Fireball                 Conj/Fire      8%         3d6       65%         5
 Lightning Bolt           Conj/Air       6%         1d18      82%         5
 Metabolic Englaciation   Hex/Ice        3%         N/A       97%         5
 Summon Mana Viper        Hex/Summ       6%         N/A       97%         5
 Swiftness                Air            Unusable   N/A       N/A         3

Dungeon Overview and Level Annotations

Branches:
Dungeon (7/15)             Temple (1/1) D:5

Altars:
Ashenzari
Cheibriados
Dithmenos
Elyvilon
Fedhas
Gozag
Hepliaklqana
Kikubaaqudgha
Nemelex Xobeh
Okawaru
Qazlal
Ru
Sif Muna
Trog
Uskayaw
Wu Jian
Xom
Zin
The Shining One

Shops:
D:1 !(


Innate Abilities, Weirdness & Mutations

You cannot be hasted, slowed, berserked, paralysed or teleported.
You can dig through walls and to a lower floor.
You have a pair of large antennae on your head. (SInv)
Your four strong arms can wield two-handed weapons with a shield.


Message History

You hit the black bear.
The black bear is almost dead.
The black bear bites you! The black bear claws you.
The black bear completely misses you. The black bear bites you!
The black bear claws you but does no damage. x2
Unknown command.
You barely miss the black bear.
The black bear is almost dead.
You block the black bear's attack. The black bear barely misses you.
The black bear claws you. You block the black bear's attack.
The black bear claws you.
* * * LOW HITPOINT WARNING * * *
The black bear completely misses you.
Unknown command.
Casting: Ignite Poison (dangerous; 3% risk of failure)
Confirm with . or Enter, or press ? or * to list all spells.
Aiming: Sting (safe; 1% risk of failure)
Press: ? - help, Shift-Dir - straight line, f/p - black bear
Aim: a black bear (almost dead, berserk, 84% to hit)
The sting hits the black bear but does no damage.
The black bear is poisoned.
The black bear is almost dead.
The black bear bites you but does no damage.
The black bear claws you.
* * * LOW HITPOINT WARNING * * *
The black bear claws you but does no damage.
The black bear closely misses you. The black bear claws you.
* * * LOW HITPOINT WARNING * * *
The black bear barely misses you.
You see here a book of Minor Magic.
You block the black bear's attack. The black bear claws you.
* * * LOW HITPOINT WARNING * * *
The black bear claws you.
* * * LOW HITPOINT WARNING * * *
The black bear looks more healthy.
The black bear barely misses you.
The black bear claws you but does no damage.
The black bear claws you.
* * * LOW HITPOINT WARNING * * *
The black bear bites you!
You die...

#. ?# #.##.# #.##.# #.##.#
#.##.# #######.##.#
################....##.##.#####
........:....h@.....+..........
.###############....##.#......#
#####....##.#.#.##..
#........##.#.#.##..
#[....#.......#.##..
##.....#.......#.####
......................
#########.............
#......#..###.


You could see a black bear (berserk).

Vanquished Creatures
  Menkaure (D:5)
  A steam dragon (D:6)
  An ice beast (D:6)
  An orc warrior (D:6)
  3 sky beasts (D:6)
  A black bear (D:2)
  2 ogres
  A centaur (D:5)
  A phantom (D:5)
  A kobold brigand (D:6)
  2 bullfrogs (D:6)
  3 scorpions
  4 killer bees (D:7)
  3 orc priests (D:5)
  3 bullfrog skeletons
  2 hounds (D:5)
  2 jellies
  4 iguanas
  2 orc wizards
  2 killer bee zombies
  7 gnolls (D:2)
  9 adders
  A white imp (D:5)
  2 ufetubi
  A worm (D:2)
  2 dart slugs
  19 orcs
  9 endoplasms
  4 giant cockroaches (D:1)
  7 goblins
  4 hobgoblins
  20 jackals
  16 kobolds
  7 quokkas
  7 ball pythons
  6 bats
  5 frilled lizards
  3 rats
169 creatures vanquished.

Vanquished Creatures (others)
  155 foxfires
155 creatures vanquished.

Grand Total: 324 creatures vanquished

Notes
Turn   | Place    | Note
-------+----------+-------------------------------------------
     0 | D:1      | funkygono the Formicid Venom Mage began the quest for the
                  | Orb.
     0 | D:1      | Reached XP level 1. HP: 13/13 MP: 3/3
   309 | D:1      | Found Wyuskesh's Distillery.
   317 | D:1      | Reached XP level 2. HP: 19/19 MP: 0/5
   738 | D:1      | Found a faded altar of an unknown god.
   825 | D:1      | Learned a level 2 spell: Poisonous Vapours
   847 | D:1      | Reached XP level 3. HP: 24/24 MP: 4/7
   854 | D:1      | Learned a level 3 spell: Ignite Poison
   961 | D:1      | Found Pulie's Antique Weapon Shop.
  1596 | D:2      | Reached skill level 5 in Poison Magic
  1596 | D:2      | Reached XP level 4. HP: 30/30 MP: 2/8
  1678 | D:2      | Learned a level 3 spell: Mephitic Cloud
  1938 | D:2      | You fall into a shaft and drop 1 floor!
  2185 | D:2      | Reached XP level 5. HP: 35/35 MP: 1/9
  2730 | D:2      | Noticed a black bear
  2740 | D:2      | Killed a black bear
  2741 | D:2      | Reached skill level 1 in Maces & Flails
  2741 | D:2      | Reached skill level 1 in Air Magic
  2741 | D:2      | Reached XP level 6. HP: 38/41 MP: 6/11
  2856 | D:2      | Reached skill level 6 in Poison Magic
  2920 | D:2      | Reached skill level 1 in Fire Magic
  4587 | D:4      | Found the +4 dagger "Morg" {pain, Will+ Int+5}
  4701 | D:4      | Found a stormy altar of Qazlal.
  4701 | D:4      | Noticed a water elemental
  4705 | D:4      | Noticed a fire elemental
  4705 | D:4      | Noticed an air elemental
  4732 | D:4      | Reached XP level 7. HP: 46/46 MP: 10/13
  4737 | D:4      | Learned a level 4 spell: Olgreb's Toxic Radiance
  5612 | D:5      | Entered Level 5 of the Dungeon
  6280 | D:5      | Found a bloodstained altar of Trog.
  6282 | D:5      | Found a hide-covered altar of Uskayaw.
  6334 | D:5      | Reached skill level 5 in Spellcasting
  6334 | D:5      | Reached XP level 8. HP: 53/53 MP: 11/15
  6470 | D:5      | Learned a level 1 spell: Foxfire
  6507 | D:5      | Reached skill level 1 in Shields
  7230 | D:5      | Found a white marble altar of Elyvilon.
  7262 | D:5      | Reached skill level 7 in Poison Magic
  7413 | D:5      | Found a staircase to the Ecumenical Temple.
  7534 | D:5      | Noticed Menkaure
  7910 | D:5      | Killed Menkaure
  8058 | Temple   | Entered the Ecumenical Temple
  8341 | D:6      | Reached skill level 1 in Conjurations
  8480 | D:6      | Reached skill level 1 in Armour
  8484 | D:6      | Reached XP level 9. HP: 55/58 MP: 9/18
  8689 | D:5      | Learned a level 4 spell: Sticky Flame
  9333 | D:6      | Reached skill level 8 in Poison Magic
  9463 | D:6      | Upgraded the game from 0.27-a0-1217-g8a41f320e8 to
                  | 0.27-a0-1219-g958d993ae5
  9861 | D:6      | Found a sparkling altar of Nemelex Xobeh.
 10167 | D:7      | Reached skill level 1 in Fighting
 10581 | D:7      | Identified the Grimoire of Beguiling
 10625 | D:7      | Slain by a black bear

Illustrated notes

Levels and vault maps discovered:
D:1:      dpeg_arrival_refuge, layout_basic, serial_shops, nicolae_shop_stone,
          shop, chequers_ecumenical_altar_lobes, chequers_serial_rivers_micro_b,
          minmay_door_square
D:2:      layout_loops_ring, minmay_pentomino_w2
D:3:      minmay_diamond_boxcup, layout_loops_corners, minmay_distorted
D:4:      layout_gridville, nicolae_qazlal_style_of_elements
D:5:      layout_basic, elyvilon_altar_5, jmf_multi_god_temple,
          minmay_temple_entry_tees, uniq_menkaure
D:6:      layout_rooms, nemelex_dance_club_becter, grunt_decor_resistance,
          chequers_avenue, st_stairs_10
D:7:      layout_basic
Temple:   eino_temple_lava

Skill      XL: |  1  2  3  4  5  6  7  8  9 |
---------------+----------------------------+-----
Spellcasting   | 3 4 5 6 7 |  7.1
Poison Magic   | 5 6 7 8 |  8.8
Dodging        | 2 |  2.9
Maces & Flails | 1 2 |  2.4
Air Magic      | 1 |  1.9
Fire Magic     | 1 2 3 4 |  4.3
Transmutations | 2 3 |  3.5
Shields        | 1 |  1.7
Conjurations   | 1 |  1.8
Armour         | 1 3 |  3.2
Fighting       | 1 |  1.0
Stealth        | |  2.4

Action                   |  1- 3 |  4- 6 |  7- 9 || total
-------------------------+-------+-------+-------++-------
Melee: Whip              |    11 |     7 |       ||    18
       Flail             |       |    41 |    99 ||   140
 Cast: Sting             |    41 |    57 |    56 ||   154
       Poisonous Vapours |    12 |    37 |    10 ||    59
       Mephitic Cloud    |       |     1 |     2 ||     3
       Foxfire           |       |       |    93 ||    93
       Ignite Poison     |       |       |    19 ||    19
       Olgreb's Toxic Ra |       |       |    12 ||    12
  Use: Scroll            |     4 |     5 |     6 ||    15
       Potion            |       |       |     3 ||     3
Armor: Robe              |     4 |     9 |    28 ||    41
Dodge: Dodged            |    13 |    36 |   120 ||   169
Block: Other             |       |    19 |    40 ||    59
       Reflection        |       |     2 |       ||     2

Table legend: (Time is in decaauts)
 A = Elapsed time spent in this place.
 B = Non-inter-level travel time spent in this place.
 C = Inter-level travel time spent in this place.
 D = Time resting spent in this place.
 E = Time spent auto-exploring this place.
 F = Levels seen in this place.
 G = Mean time per level.
                   A        B        C        D        E       F      G
               +--------+--------+--------+--------+--------+-----+--------+
         Total |  10672 |  10515 |    157 |   1362 |   7571 |   8 | 1334.0 |
       Dungeon |  10607 |  10455 |    152 |   1362 |   7555 |   7 | 1515.3 |
        Temple |     65 |     60 |      5 |      0 |     16 |   1 |   65.0 |
               +--------+--------+--------+--------+--------+-----+--------+

Top non-repeatable levels by time:
     D:5: 2553 daAuts
     D:6: 1585 daAuts
     D:1: 1560 daAuts
     D:2: 1510 daAuts
     D:4: 1469 daAuts
     D:3: 1366 daAuts
     D:7: 562 daAuts
  Temple: 65 daAuts
